 Dungeon Crawl Stone Soup version 0.21.1-1-g345015fe64 (webtiles) character file.

2236 phoenix381 the Protected (level 9, -12/78 (79) HPs)
             Began as a Minotaur Fighter on July 22, 2018.
             Was an Initiate of Okawaru.
             Mangled by an orc warrior
             ... wielding a +0 glaive
              (21 damage)
             ... on level 7 of the Dungeon.
             The game lasted 00:42:23 (4959 turns).

phoenix381 the Protected (Minotaur Fighter)         Turns: 4959, Time: 00:42:23

HP:   -12/78 (79)   AC: 16    Str: 23    XL:     9   Next: 14%
MP:   8/8           EV:  5    Int:  5    God:    Okawaru [......]
Gold: 112           SH: 11    Dex: 11    Spells: 8/8 levels left

rFire    . . .     SeeInvis .   a - +0 war axe
rCold    . . .     Gourm    .   c - +1 shield
rNeg     . . .     Faith    .   n - +0 plate armour
rPois    .         Spirit   .   (helmet restricted)
rElec    .         Reflect  .   (no cloak)
rCorr    .         Harm     +   (no gloves)
MR       +....                  G - +0 pair of boots
Stlth    ..........             e - amulet of harm
HPRegen  0.23/turn              B - ring of protection from magic
MPRegen  0.11/turn              (no ring)

@: no status effects
A: retaliatory headbutt, horns 2
a: Renounce Religion


You were on level 7 of the Dungeon.
You worshipped Okawaru.
Okawaru was noncommittal.
You were not hungry.

You visited 2 branches of the dungeon, and saw 8 of its levels.

You collected 362 gold pieces.
You spent 250 gold pieces at shops.

Inventory:

Hand Weapons
 a - a +0 war axe (weapon)
 i - a +1 rapier of venom
 E - a +0 shortbow
Armour
 b - a +0 scale mail
 c - a +1 shield (worn)
 n - a +0 plate armour (worn)
 G - a +0 pair of boots (worn)
Jewellery
 e - an amulet of harm (around neck)
 B - a ring of protection from magic (left hand)
Wands
 m - a wand of acid (5)
 H - a wand of flame (17)
Scrolls
 g - 6 scrolls of teleportation
 p - 2 scrolls of magic mapping
 s - 3 scrolls of blinking {unknown}
 u - a scroll of random uselessness
 v - a scroll of fear {unknown}
 w - a scroll of amnesia
 x - 6 scrolls of identify
 y - a scroll of immolation {unknown}
 z - a scroll of remove curse {unknown}
 A - a scroll of enchant armour
Potions
 d - 2 potions of might
 h - a potion of curing
 j - 2 potions of brilliance
 k - a potion of magic {unknown}
 l - 2 potions of berserk rage {unknown}
 o - a potion of invisibility {unknown}
 q - a potion of degeneration
 r - 2 potions of mutation {unknown}
 t - a potion of ambrosia
 C - a potion of haste {unknown}
 D - 2 potions of agility {unknown}
 F - a potion of lignification {unknown}
Books
 I - the Guide on the Escort
   (You found it on level 6 of the Dungeon)

   Spells                             Type                      Level
   a - Summon Butterflies             Summoning                    1
   b - Summon Small Mammal            Summoning                    1
   c - Summon Guardian Golem          Hexes/Summoning              3
   d - Recall                         Summoning/Translocation      3
   e - Aura of Abjuration             Summoning                    5
   f - Summon Forest                  Summoning/Translocation      5
Comestibles
 f - 11 rations
 J - 9 chunks of flesh


   Skills:
 - Level 7.1 Fighting
 + Level 7.0 Axes
 - Level 11.0 Armour
 - Level 1.0 Dodging
 * Level 5.4 Shields


You had 8 spell levels left.
You didn't know any spells.

Dungeon Overview and Level Annotations

Branches:
Dungeon (7/15)             Temple (1/1) D:4

Altars:
Ashenzari
Cheibriados
Elyvilon
Gozag
Makhleb
Okawaru
Ru
Sif Muna
Trog
Uskayaw
Wu Jian
Xom
Yredelemnul
Zin
The Shining One

Shops:
D:5 =   D:6 :

Annotations:
D:1 1 exclusion


Innate Abilities, Weirdness & Mutations

You reflexively headbutt those who attack you in melee.
You have a pair of horns on your head.


Message History

You hit the orc warrior.
The orc warrior hits you but does no damage.
The orc priest calls upon Beogh to heal the orc warrior.
The orc warrior is healed somewhat.
You hit the orc priest.
You kill the orc priest!
Okawaru accepts your kill.
Your Axes skill increases to level 7!
You slash the orc warrior!
The orc warrior hits you but does no damage.
The orc warrior hits you but does no damage.
The orc warrior hits you but does no damage.
Your plate armour prevents you from hitting the orc warrior.
You headbutt the orc warrior!
The orc warrior is almost dead.
You block the orc warrior's attack.
You hit the orc warrior.
The orc warrior is almost dead.
The orc warrior hits you with a glaive!!
You die...

........##....
.............
............
...........
........ .....
##+ #$)#
.##..###o##
.......@.)+
..........#
........<.#
..........#
.....##...#
#######)..#
.......)).#
...............#
...............#


You could see an orc warrior.

Vanquished Creatures
  Grinder (D:3)
  Sigmund (D:3)
  Duvessa (D:5)
  An ice beast (D:5)
  A necrophage (D:5)
  2 sky beasts (D:5)
  2 ogres (D:4)
  A phantom (D:4)
  A centaur (D:5)
  2 bullfrogs (D:6)
  Dowan (D:5)
  A scorpion (D:2)
  A howler monkey (D:4)
  5 hounds
  An orc priest (D:7)
  3 jellies (D:6)
  3 orc wizards
  A gnoll shaman (D:7)
  4 worker ants
  2 hound skeletons
  A howler monkey zombie (D:5)
  6 gnolls
  3 river rats (D:3)
  9 adders
  3 shadow imps
  An ooze (D:2)
  6 worms
  5 leopard geckos
  12 orcs
  4 giant cockroaches
  5 goblins
  6 hobgoblins
  14 jackals
  7 kobolds
  4 quokkas
  A ball python (D:3)
  10 bats
  6 frilled lizards
  9 rats
147 creatures vanquished.

Notes
Turn   | Place    | Note
-------+----------+-------------------------------------------
     0 | D:1      | phoenix381 the Minotaur Fighter began the quest for the Orb.
     0 | D:1      | Reached XP level 1. HP: 19/19 MP: 0/0
   181 | D:1      | Reached XP level 2. HP: 26/27 MP: 1/1
   633 | D:2      | Reached skill level 4 in Armour
   638 | D:2      | Reached XP level 3. HP: 30/33 MP: 2/2
   816 | D:2      | Noticed a scorpion
   827 | D:2      | Killed a scorpion
   827 | D:2      | Reached XP level 4. HP: 24/40 MP: 3/3
  1265 | D:2      | Reached skill level 1 in Dodging
  1275 | D:2      | Reached XP level 5. HP: 18/46 MP: 4/4
  1276 | D:2      | HP: 1/46 [gnoll/halberd (13)]
  1589 | D:2      | Found a glowing golden altar of the Shining One.
  1818 | D:3      | Noticed Sigmund
  1850 | D:3      | Killed Sigmund
  1850 | D:3      | Reached skill level 5 in Axes
  1850 | D:3      | Reached skill level 5 in Armour
  1850 | D:3      | Reached skill level 5 in Shields
  1850 | D:3      | Reached XP level 6. HP: 40/53 MP: 5/5
  1969 | D:3      | Found a shattered altar of Ashenzari.
  2017 | D:3      | Noticed Grinder
  2055 | D:3      | Killed Grinder
  2055 | D:3      | Reached XP level 7. HP: 17/60 MP: 6/6
  2257 | D:3      | Reached skill level 5 in Fighting
  2666 | D:4      | Found a staircase to the Ecumenical Temple.
  2712 | Temple   | Entered the Ecumenical Temple
  3152 | D:4      | Reached skill level 6 in Armour
  3210 | D:4      | Reached XP level 8. HP: 48/73 MP: 7/7
  3425 | D:5      | Entered Level 5 of the Dungeon
  3435 | D:5      | Reached skill level 7 in Armour
  3447 | D:5      | Noticed Dowan
  3448 | D:5      | Noticed Duvessa
  3461 | D:5      | Killed Duvessa
  3461 | D:5      | Reached skill level 8 in Armour
  3740 | D:5      | Killed Dowan
  3748 | D:5      | Found a glowing silver altar of Zin.
  3831 | D:5      | Reached skill level 9 in Armour
  3921 | D:5      | Reached skill level 10 in Armour
  3965 | D:5      | Found Yngunosk's Jewellery Shop.
  4166 | D:5      | Bought an uncursed ring of protection from magic for 250 gold pieces
  4467 | D:6      | Found an iron altar of Okawaru.
  4472 | D:6      | Became a worshipper of Warmaster Okawaru
  4508 | D:6      | Found a shattered altar of Ashenzari.
  4569 | D:6      | Reached XP level 9. HP: 74/78 MP: 8/8
  4590 | D:6      | Identified the Guide on the Escort
  4616 | D:6      | Found Jinnet's Book Emporium.
  4688 | D:6      | Found a burning altar of Makhleb.
  4851 | D:6      | Reached skill level 11 in Armour
  4959 | D:7      | Mangled by an orc warrior

Skill      XL: |  1  2  3  4  5  6  7  8  9 |
---------------+----------------------------+-----
Axes           | 3 4 5 6 7 |  7.0
Armour         | 4 5 6 10 11 | 11.0
Shields        | 4 5 |  5.4
Fighting       | 4 7 |  7.1
Dodging        | 1 |  1.0

Action                   |  1- 3 |  4- 6 |  7- 9 || total
-------------------------+-------+-------+-------++-------
Melee: War axe           |    98 |   102 |   269 ||   469
       Headbutt          |     8 |    14 |    49 ||    71
  Use: Scroll            |     3 |     4 |     2 ||     9
       Potion            |       |     1 |     3 ||     4
  Eat: Chunk             |       |     4 |     7 ||    11
       Ration            |       |       |     1 ||     1
Armor: Scale mail        |    62 |     7 |       ||    69
       Plate armour      |       |    52 |   165 ||   217
Dodge: Dodged            |    32 |    21 |    47 ||   100
Block: Shield            |    69 |    67 |   160 ||   296
